 Dungeon Crawl Stone Soup version 0.19.0-20-gbc5f0c6 (webtiles) character file.

89 Leszczynek the Sneak (level 4, 2/31 HPs)
             Began as a Felid Abyssal Knight on Nov 16, 2016.
             Was a Believer of Lugonu.
             Quit the game on level 2 of the Dungeon.
             The game lasted 00:05:53 (3800 turns).

Leszczynek the Sneak (Felid Abyssal Knight)         Turns: 3800, Time: 00:05:53

Health: 2/31       AC: 22    Str:  5 (8)  XL:     4   Next: 31%
Magic:  6/6        EV:  4    Int: 11 (14) God:    Lugonu [**....]
Gold:   107        SH:  0    Dex: 19 (20) Spells: 0 memorised, 3 levels left
                                        Lives:  1   Deaths: 0

rFire  . . .     SeeInvis +       - Unarmed
rCold  . . .     Gourm    .     (armour unavailable)
rNeg   + + +     Faith    .     (shield unavailable)
rPois  +         Spirit   .     (helmet unavailable)
rElec  .         Reflect  .     (cloak unavailable)
rCorr  .         Harm     .     (gloves unavailable)
MR     .....     NoTele   +     (boots unavailable)
Stlth  ++++......               o - amulet of magic regeneration
                                (no ring)
                                (no ring)

@: agile, lethally poisoned (2 -> -7), tree-form
A: no armour, no weapons or thrown items, stealth, (claws 0), (fangs 0), see
invisible, carnivore 3, (speed 0), (shaggy fur 0), slow metabolism 1, wild magic
1, (sharp paws)
a: Depart the Abyss, Bend Space, Renounce Religion


You were on level 2 of the Dungeon.
You worshipped Lugonu.
Lugonu was pleased with you.
You were very full.
You were a tree.
You visited 1 branch of the dungeon, and saw 3 of its levels.
You visited the Abyss 1 time.

You collected 107 gold pieces.

Inventory:

Jewellery
 o - an amulet of magic regeneration (around neck)
Wands
 n - a wand of flame (20/48)
Scrolls
 c - 2 scrolls of immolation {unknown}
 d - 6 scrolls of identify {unknown}
 f - 3 scrolls of amnesia {unknown}
 h - a scroll of fog {unknown}
 l - a scroll of remove curse {unknown}
 m - a scroll of blinking {unknown}
 p - a scroll of noise {unknown}
Potions
 e - a potion of lignification
 g - a potion of flight
Comestibles
 a - 5 meat rations
 i - a slice of pizza


   Skills:
 - Level 3.0 Fighting
 - Level 3.2 Dodging
 - Level 3.8 Stealth
 + Level 3.6 Unarmed Combat
 - Level 1.7 Invocations


You had 3 spell levels left.
You didn't know any spells.

Dungeon Overview and Level Annotations

Branches:
Dungeon (3/15)

Altars:
Fedhas
Gozag
Trog
Vehumet
The Shining One

Annotations:
D:3 exclusions: adder and orc priest, Purgy


Innate Abilities, Weirdness & Mutations

You cannot wear armour.
You are incapable of wielding weapons or throwing items.
Your paws allow you to move quietly. (Stealth)
((You have sharp claws.))
((You have razor-sharp teeth.))
You have supernaturally acute eyesight. (SInv)
You are carnivorous and can eat meat at any time.
((You cover ground quickly.))
((You are covered in fur. (AC +1)))
You have a slow metabolism.
((Your sharp claws are effective at attacking unaware monsters.))
Your spells are a little harder to cast, but a little more powerful.


Message History

* * * LOW HITPOINT WARNING * * *
You feel sick.
It was a potion of beneficial mutation.
You feel less in control of your magic.
You feel fantastic!
* * * LOW HITPOINT WARNING * * *
You feel sick.
It was a potion of agility.
You feel agile all of a sudden.
* * * LOW HITPOINT WARNING * * *
You feel sick.
It was a potion of degeneration.
There was something very wrong with that liquid.
You feel weakened.
You feel dopey.
You feel clumsy.
* * * LOW HITPOINT WARNING * * *
You feel sick.
Enter note: no curing, gg
Enter note: the rng decided i should die
Enter note: make it "don't fight adders until xl 5" then Are you sure you want to abandon this character and quit the game? (Confirm with "yes".)

#.....#.#
#.......############
#.....#.............
#..[.....###########
###....#......
#.##...## # #.###.##
# #†# #.# #
##♣###.######### #
#...##.......[.####
#................#
#...##########.####
##### #..... ######


There were no monsters in sight!

Vanquished Creatures
  3 adders (D:2)
  A worm (D:2)
  2 leopard geckos
  An orc (D:3)
  3 ball pythons
  3 bats
  6 giant cockroaches
  7 goblins
  9 hobgoblins
  9 kobolds
  4 frilled lizards
  A quokka skeleton (D:3)
  4 rats (D:1)
53 creatures vanquished.

Notes
Turn   | Place    | Note
-------+----------+-------------------------------------------
     0 | Abyss:1  | Leszczynek the Felid Abyssal Knight began the quest for the Orb.
     0 | Abyss:1  | Reached XP level 1. HP: 10/10 MP: 3/3
    32 | Abyss:1  | Found a shadowy altar of Dithmenos.
    36 | Abyss:1  | Noticed a small abomination
    46 | Abyss:1  | Noticed a spatial vortex
    81 | D:1      | Escaped the Abyss
   233 | D:1      | Reached skill level 1 in Stealth
   301 | D:1      | Reached skill level 2 in Stealth
   382 | D:1      | Reached XP level 2. HP: 14/14 MP: 4/4
   519 | D:1      | Reached skill level 3 in Stealth
  1160 | D:2      | Reached ** piety under Lugonu
  1281 | D:2      | Found a bloodstained altar of Trog.
  1303 | D:2      | Reached XP level 3. HP: 17/17 MP: 5/5
  1427 | D:2      | Found a glowing golden altar of the Shining One.
  1685 | D:2      | Found a blossoming altar of Fedhas.
  1700 | D:2      | Found a radiant altar of Vehumet.
  1713 | D:2      | Found an opulent altar of Gozag.
  2077 | D:3      | don't fight adders before xl 4
  2151 | D:3      | Noticed Purgy
  2299 | D:3      | Reached skill level 3 in Unarmed Combat
  2758 | D:3      | don't fight orc priests until you have at least 35 HP
  3189 | D:3      | Reached XP level 4. HP: 17/21 MP: 6/6
  3797 | D:2      | Gained mutation: Your spells are a little harder to cast, but a little more powerful. [potion of beneficial mutation]
  3797 | D:2      | HP: 3/31 [poisoned by an adder]
  3800 | D:2      | no curing, gg
  3800 | D:2      | the rng decided i should die
  3800 | D:2      | make it "don't fight adders until xl 5" then
  3800 | D:2      | Quit the game

Skill      XL: |  1  2  3 |
---------------+----------+-----
Stealth        | 2 3 |  3.8
Unarmed Combat | 3 |  3.6
Fighting       | |  3.0
Dodging        | |  3.2
Invocations    | |  1.7

Action                   |  1- 3 |  4- 6 || total
-------------------------+-------+-------++-------
Melee: Unarmed           |   151 |    21 ||   172
       Bite              |    10 |     1 ||    11
       Punch             |     1 |       ||     1
  Use: Potion            |       |     5 ||     5
 Stab: Sleeping          |    16 |       ||    16
  Eat: Chunk             |    11 |     1 ||    12
Armor: Skin              |     2 |     1 ||     3
Dodge: Dodged            |   104 |    15 ||   119
